 Dungeon Crawl Stone Soup version 0.30-a0-305-g026cb31310 (webtiles) character file.

Game seed: 6119807639273813627

14 jt the Caller (level 2, -1/20 HPs)
             Began as a Meteoran Summoner on Oct 23, 2022.
             Slain by an orc
             ... wielding a +2 hand axe of electrocution
              (7 damage)
             ... on level 2 of the Dungeon.
             The game lasted 00:02:33 (331 turns).

jt the Caller (Meteoran Summoner)                    Turns: 331, Time: 00:02:34

Health: -1/20      AC: -1    Str:  9    XL:     2   Next: 82%
Magic:  5/7        EV: 12    Int: 16    God:
Gold:   52         SH:  0    Dex: 14    Spells: 4/7 levels left

rFire   + . .      SeeInvis .    k - +0 short sword
rCold   + . .      Faith    .    (no shield)
rNeg    . . .      Spirit   .    a - +0 robe
rPois   +          Reflect  .    (no helmet)
rElec   +          Harm     .    d - +0 cloak
rCorr   +          Rampage  .    (no gloves)
Will    .....                    (no boots)
Stlth   +.........               (no amulet)
HPRegen 0.23/turn                (no ring)
MPRegen 0.10/turn                (no ring)

@: about to teleport, resistant, corroded, attractive, glowing
A: sense surroundings 1, otherworldly, glowing, explore regen
a: no special abilities


You were on level 2 of the Dungeon.
You visited 1 branch of the dungeon, and saw 2 of its levels.

You collected 52 gold pieces.

Inventory:

Hand Weapons
 e - a +0 mace
 k - a +0 short sword (weapon)
Armour
 a - a +0 robe (worn)
 d - a +0 cloak (worn)
Scrolls
 c - a scroll of identify
 f - a scroll of amnesia
 j - a scroll of poison {unknown}
Potions
 b - a potion of magic
 h - a potion of resistance


   Skills:
 - Level 2.4 Dodging
 - Level 1.4 Stealth
 + Level 3.3 Spellcasting
 + Level 5.2 Summonings


You had 4 spell levels left.
You knew the following spells:

 Your Spells              Type           Power      Damage    Failure   Level
a - Summon Small Mammal   Summ           76%        N/A       1%          1
b - Call Imp              Summ           19%        N/A       3%          2

Your spell library contained the following spells:

 Spells                   Type           Power      Damage    Failure   Level
 Call Canine Familiar     Summ           19%        N/A       6%          3
 Summon Guardian Golem    Hex/Summ       11%        N/A       19%         3
 Summon Lightning Spire   Summ/Air       11%        N/A       52%         4


Dungeon Overview and Level Annotations

Branches:
Dungeon (2/15) Zot: 866

Altars:


Innate Abilities, Weirdness & Mutations

You passively map a small area around you.
You are easily found by Zot.
You glow in the dark.
You regain HP and MP as you explore.


Message History

It is a scroll of identify.
f - a scroll of amnesia Your bat hits the orc but does no damage.
Your shadow imp hits the jelly.
Your shadow imp is burned by acid!
The jelly hits you.
You are splashed with acid!
The orc closely misses your bat.
The orc hits your rat with a +2 hand axe of electrocution.
Lightning courses through your rat!
Your rat dies!
Your rat's corpse disappears in a puff of smoke!
You aren't carrying any items that you can evoke.
It was a potion of resistance.
You feel protected.
Your bat hits the orc but does no damage.
Your shadow imp hits the jelly.
Your shadow imp is burned by acid!
An orc comes into view. It is wielding a +0 whip.
The jelly hits your shadow imp but does no damage.
An orc comes into view. It is wielding a +0 hand axe.
You hit the jelly but do no damage.
Your hands burn!
The jelly is heavily wounded.
Your shadow imp hits the jelly.
The acid corrodes your shadow imp!
Your shadow imp is burned by acid!
The jelly hits you. The acid corrodes you!
You are splashed with acid.
You resist.
* * * LOW HITPOINT WARNING * * *
Your bat hits the orc but does no damage.
As you read the scroll labelled NUYRREAH KEIGI, it crumbles to dust.
You feel strangely unstable.
It was a scroll of teleportation.
Your bat barely misses the orc.
Your shadow imp hits the jelly.
Your shadow imp is burned by acid!
Your shadow imp dies!
Your shadow imp disappears in a puff of smoke!
The orc misses you. The jelly closely misses you.
It was a potion of attraction.
You feel attractive to monsters.
Your bat hits the orc.
The orc hits you with a +2 hand axe of electrocution!
You die...

, * #. #.. , .. ** , #.
#.. > ... , #.###..
,...#* ###, , * #...#..
* ..... #.+ , #####.†..
,, #...###.# ,,
#....##.. , ,*#.b§.#.#
#....##.. ,
.##...J#.#######....###.
.oo...o@.#..##......####
,
.######.................
* ##.#†.##.####.####
.........##.# #...
.........##.# ####.#
..........+..# .
..........####
*..........# ###########


You could see a jelly, 3 orcs and a friendly bat (summoned).

Vanquished Creatures
  An endoplasm (D:1)
  2 bats (D:2)
3 creatures vanquished.

Vanquished Creatures (collateral kills)
  3 dart slugs
  A goblin (D:2)
  2 bats (D:1)
  A rat (D:2)
7 creatures vanquished.

Grand Total: 10 creatures vanquished

Notes
Turn   | Place    | Note
-------+----------+-------------------------------------------
     0 | D:1      | jt the Meteoran Summoner began the quest for the Orb.
     0 | D:1      | Reached XP level 1. HP: 14/14 MP: 5/5
   110 | D:1      | Reached skill level 5 in Summonings
   126 | D:1      | Reached XP level 2. HP: 20/20 MP: 7/7
   129 | D:1      | Learned a level 2 spell: Call Imp
   319 | D:2      | Noticed a jelly
   331 | D:2      | Slain by an orc

Illustrated notes

Levels and vault maps discovered:
D:1:      shiori_shiawase, layout_basic
D:2:      layout_basic, feat_on_display

Skill      XL: |  1 |
---------------+----+-----
Summonings     | 5 |  5.2
Spellcasting   | 3 |  3.3
Dodging        | |  2.4
Stealth        | |  1.4

Action                   || total
-------------------------++-------
Melee: Unarmed           ||    14
       Mace              ||     6
       Short sword       ||     3
       Punch             ||     1
 Cast: Summon Small Mamm ||    13
       Call Imp          ||     2
  Use: Scroll            ||     2
       Potion            ||     2
 Stab: Distracted        ||     1
Armor: Robe              ||    18
Dodge: Dodged            ||    21

Table legend: (Time is in decaauts)
 A = Elapsed time spent in this place.
 B = Non-inter-level travel time spent in this place.
 C = Inter-level travel time spent in this place.
 D = Time resting spent in this place.
 E = Time spent auto-exploring this place.
 F = Levels seen in this place.
 G = Mean time per level.
                   A        B        C        D        E       F      G
               +--------+--------+--------+--------+--------+-----+--------+
         Total |    332 |    313 |     19 |      0 |      0 |   2 |  166.0 |
       Dungeon |    332 |    313 |     19 |      0 |      0 |   2 |  166.0 |
               +--------+--------+--------+--------+--------+-----+--------+

Top non-repeatable levels by time:
     D:1: 222 daAuts
     D:2: 109 daAuts
